 Dungeon Crawl Stone Soup version 0.28.0-47-ge53b351184 (webtiles) character file.

Game seed: 9845271787105609076

32 KittyFluff the Skirmisher (level 3, -2/36 HPs)
             Began as a Gargoyle Berserker on Apr 26, 2022.
             Was a Follower of Trog.
             Hit by a goblin thrown by Robin (3 damage)
             ... on level 2 of the Dungeon.
             The game lasted 00:05:04 (1192 turns).

KittyFluff the Skirmisher (Gargoyle Berserker)      Turns: 1192, Time: 00:05:04

Health: -2/36      AC:  5    Str: 20    XL:     3   Next: 25%
Magic:  3/3        EV: 12    Int:  7    God:    Trog [*.....]
Gold:   0          SH:  0    Dex: 11    Spells: 2/2 levels left

rFire   . . .      SeeInvis .   a - +0 mace
rCold   . . .      Faith    .   (no shield)
rNeg    + . .      Spirit   .   o - +0 robe
rPois   ∞          Reflect  .   (no helmet)
rElec   +          Harm     .   (no cloak)
rCorr   .          Rampage  .   (no gloves)
Will    .....                   (no boots)
Stlth   ..........              (no amulet)
HPRegen 0.12/turn               (no ring)
MPRegen 0.08/turn               (no ring)

@: berserking, very quick
A: sickness immunity, AC +3, negative energy resistance 1, electricity
resistance, torment resistance 1, petrification resistance
a: Renounce Religion, Berserk


You were on level 2 of the Dungeon.
You worshipped Trog.
Trog was aware of your devotion.
You visited 1 branch of the dungeon, and saw 2 of its levels.

Inventory:

Hand Weapons
 a - a +0 mace (weapon)
Missiles
 d - 6 poisoned darts (quivered)
 f - 29 bolts
 h - 30 stones
Armour
 b - a +0 ring mail
 o - a +0 robe (worn)
Scrolls
 e - a scroll of identify {unknown}
 g - a scroll of fear {unknown}
 i - a scroll of teleportation {unknown}
 k - a scroll of fog {unknown}
 l - a scroll of blinking {unknown}
 n - a scroll of vulnerability {unknown}
Potions
 c - 2 potions of might {unknown}
 j - a potion of degeneration {unknown}
 m - 2 potions of haste {unknown}


   Skills:
 + Level 3.8 Fighting
 + Level 3.6 Maces & Flails
 * Level 2.6 Armour
 - Level 1.5 Dodging


You had 2 spell levels left.
You didn't know any spells.
Your spell library was empty.

Dungeon Overview and Level Annotations

Branches:
Dungeon (2/15)

Altars:

Shops:
D:1 *

Annotations:
D:2 Robin


Innate Abilities, Weirdness & Mutations

You are immune to sickness and miasma.
Your stone body is resilient. (AC +3)
You are immune to poison.
You resist negative energy. (rN+)
You are resistant to electric shocks. (rElec)
You are resistant to unholy torment.
You are immune to petrification.


Message History

a +0 dagger; a +0 club You barely miss the hobgoblin.
The goblin shouts!
The hobgoblin hits you but does no damage.
A hobgoblin comes into view.
Robin throws the goblin at you! The goblin hits you with a +0 club.
The goblin hits you with a +0 dagger.
* * * LOW HITPOINT WARNING * * *
The hobgoblin hits you but does no damage.
A red film seems to cover your vision as you go berserk!
You feel yourself moving faster!
You feel mighty!
The hobgoblin shouts!
The goblin hits you but does no damage. The goblin barely misses you.
The hobgoblin barely misses you.
You sock the hobgoblin!
You feel the power of Trog in you as your rage grows.
You kill the hobgoblin!
Trog accepts your kill.
Robin flexes a bicep menacingly.
The goblin barely misses you. The goblin misses you.
You sock the goblin!
You kill the goblin!
Trog accepts your kill.
You sock the hobgoblin!
You kill the hobgoblin!
Trog accepts your kill. The goblin barely misses you.
The goblin hits you but does no damage. Robin throws the goblin at you!
* * * LOW HITPOINT WARNING * * *
You closely miss the goblin.
A goblin comes into view. It is wielding a +0 club.
The goblin hits you with a +0 dagger.
* * * LOW HITPOINT WARNING * * *
The goblin barely misses you. x2
A worm comes into view.
You sock the goblin!
You kill the goblin!
Trog accepts your kill. Robin throws the goblin at you!
You die...

######### ####.###
#.......# #.#
#.......#
#..########g
#.......#
#.##..w.....
#.......# #.
#......gg
#.......# #.
#g.......
#.......### #.##g#
#.........# #..#g#
###.##.##.####.#@#
# #.##..)..)...gg#
###.#####.####.###
...............#
##.##......#####
#.##.#.##.#
#.##.#.##.#
#......##.#
####.####.#


You could see a worm, Robin, a hobgoblin (strong) and 3 goblins.

Vanquished Creatures
  An adder (D:2)
  2 ball pythons (D:1)
  2 endoplasms (D:1)
  2 giant cockroaches
  3 hobgoblins (D:2)
  A bat (D:1)
  A frilled lizard (D:2)
  7 goblins
  A kobold (D:1)
  2 rats
22 creatures vanquished.

Notes
Turn   | Place    | Note
-------+----------+-------------------------------------------
     0 | D:1      | KittyFluff the Gargoyle Berserker began the quest for the
                  | Orb.
     0 | D:1      | Reached XP level 1. HP: 14/14 MP: 1/1
    65 | D:1      | Found Ytaduxt's General Store.
   303 | D:1      | Reached XP level 2. HP: 19/19 MP: 2/2
   850 | D:1      | Found a faded altar of an unknown god.
  1173 | D:2      | Reached XP level 3. HP: 19/24 MP: 3/3
  1178 | D:2      | Noticed Robin
  1191 | D:2      | HP: 1/36 [goblin/+0 dagger[Robin] (2)]
  1192 | D:2      | Hit by a goblin thrown by Robin

Illustrated notes

Levels and vault maps discovered:
D:1:      psy_arrival_conway, layout_basic, serial_shops, shop,
          shapermc_ecumenical_altar_starsandcircs, columned_hall_lemuel,
          nicolae_figureground_pulse
D:2:      layout_loops_cross, uniq_robin

Action                   || total
-------------------------++-------
Melee: Mace              ||    50
Invok: Berserk           ||     1
Armor: Animal skin       ||     3
       Robe              ||    19
Dodge: Dodged            ||    29
